 Dungeon Crawl Stone Soup version 0.19.0-22-gd96e5fe (webtiles) character file.

56 equalderp2856 the Scratcher (level 3, 0/17 HPs)
             Began as a Felid Fighter on Nov 19, 2016.
             Slain by a hobgoblin
             ... wielding a +0 club
              (6 damage)
             ... on level 2 of the Dungeon.
             The game lasted 00:04:53 (2445 turns).

equalderp2856 the Scratcher (Felid Fighter)         Turns: 2445, Time: 00:04:54

Health: 0/17       AC:  1    Str: 13    XL:     3   Next: 69%
Magic:  4/4        EV: 20    Int:  9    God:
Gold:   31         SH:  0    Dex: 15    Spells: 0 memorised, 2 levels left
                                        Lives:  0   Deaths: 1

rFire  . . .     SeeInvis +       - Unarmed
rCold  . . .     Gourm    .     (armour unavailable)
rNeg   . . .     Faith    .     (shield unavailable)
rPois  .         Spirit   .     (helmet unavailable)
rElec  .         Reflect  .     (cloak unavailable)
rCorr  .         Harm     .     (gloves unavailable)
MR     .....                    (boots unavailable)
Stlth  ++........               (no amulet)
                                (no ring)
                                (no ring)

@: lethally poisoned (0 -> -15), quick
A: no armour, no weapons or thrown items, stealth, claws 1, fangs 3, see
invisible, carnivore 3, speed 1, shaggy fur 1, slow metabolism 1, sharp paws
a: no special abilities


You were on level 2 of the Dungeon.
You were not hungry.

You visited 1 branch of the dungeon, and saw 2 of its levels.

You collected 31 gold pieces.

Inventory:

Hand Weapons
 i - a +0 spear
 l - a +0 spear
Missiles
 h - 35 arrows
Scrolls
 f - a scroll of recharging {unknown}
 g - a scroll of teleportation {unknown}
 k - a scroll of identify {unknown}
 m - a scroll of random uselessness {unknown}
Potions
 a - a potion of might
 c - a potion of cure mutation
 e - a potion of lignification {unknown}
 j - a potion of agility {unknown}
Comestibles
 b - 2 meat rations


   Skills:
 + Level 3.2 Fighting
 + Level 4.9 Dodging
 + Level 1.9 Stealth
 + Level 5.1 Unarmed Combat


You had 2 spell levels left.
You didn't know any spells.

Dungeon Overview and Level Annotations

Branches:
Dungeon (2/15)

Altars:


Innate Abilities, Weirdness & Mutations

You cannot wear armour.
You are incapable of wielding weapons or throwing items.
Your paws allow you to move quietly. (Stealth)
You have sharp claws.
You have razor-sharp teeth.
You have supernaturally acute eyesight. (SInv)
You are carnivorous and can eat meat at any time.
You cover ground quickly.
You are covered in fur. (AC +1)
You have a slow metabolism.
Your sharp claws are effective at attacking unaware monsters.


Message History

* * * LOW HITPOINT WARNING * * *
You are more poisoned.
The adder poisons you!
It was a potion of heal wounds.
You feel much better.
You feel sick. The adder bites you but does no damage.
You barely miss the adder. Your bite misses the adder.
The adder is severely wounded.
You feel sick. The adder bites you. x2
You are more poisoned.
The adder poisons you!
You scratch the adder.
The adder is almost dead.
You feel sick. The adder misses you.
You scratch the adder.
You kill the adder!
You feel sick.
You scratch the hobgoblin.
The hobgoblin is almost dead.
You feel sick. The hobgoblin hits you with a club.
You die...

.... .... #...( ...
##.. #...#. .. ...
###....####.# ..
......g..... #.##
#.>h##...# ... #
#rg##..### ###.# .#
##g##....####...#
..#
#S##.##..gg@..###..#
#.†..#######.......#
###.## #..†..#....
### #<#.### ## #.#.#
##..(# ##..###
###..## #....#


You could see a hobgoblin and a goblin.

Vanquished Creatures
  A worker ant (D:1)
  3 adders (D:2)
  3 dart slugs
  2 leopard geckos (D:1)
  A giant cockroach (D:2)
  2 goblins (D:2)
  2 hobgoblins (D:1)
  3 jackals (D:2)
  6 kobolds
  2 quokkas (D:2)
  2 ball pythons (D:1)
  5 bats
  4 frilled lizards (D:1)
  8 rats
44 creatures vanquished.

Notes
Turn   | Place    | Note
-------+----------+-------------------------------------------
     0 | D:1      | equalderp2856 the Felid Fighter began the quest for the Orb.
     0 | D:1      | Reached XP level 1. HP: 10/10 MP: 2/2
   252 | D:1      | Reached XP level 2. HP: 9/14 MP: 3/3
  1830 | D:1      | Reached XP level 3. HP: 17/17 MP: 4/4
  1883 | D:1      | Reached skill level 1 in Stealth
  2109 | D:2      | Reached XP level 4. HP: 11/21 MP: 5/5
  2347 | D:2      | HP: 1/21 [dart slug/slug dart (5)]
  2350 | D:2      | Slain by an adder
  2351 | D:2      | Reached XP level 3. HP: 0/17 MP: 4/4
  2395 | D:2      | Reached skill level 5 in Unarmed Combat
  2445 | D:2      | Slain by a hobgoblin

Skill      XL: |  1  2  3 |
---------------+----------+-----
Stealth        | 1 |  1.9
Unarmed Combat | 5 |  5.1
Fighting       | |  3.2
Dodging        | |  4.9

Action                   |  1- 3 |  4- 6 || total
-------------------------+-------+-------++-------
Melee: Unarmed           |   126 |     7 ||   133
       Bite              |    11 |     2 ||    13
       Punch             |     3 |       ||     3
  Use: Potion            |     1 |     1 ||     2
 Stab: Sleeping          |     5 |       ||     5
  Eat: Chunk             |     7 |     1 ||     8
Armor: Skin              |    11 |       ||    11
Dodge: Dodged            |   115 |     6 ||   121
